 Dungeon Crawl Stone Soup version 0.31.0-9-g3a7656b989 (webtiles) character file.

Game seed: 2110645824156930041

23 qw the Shooter (level 2, 0/16 HPs)
             Began as a Deep Elf Hunter on Feb 2, 2024.
             Succumbed to their own poison gas
             ... on level 1 of the Dungeon.
             The game lasted 00:00:02 (650 turns).

qw the Shooter (Deep Elf Hunter)                     Turns: 650, Time: 00:00:03

Health: 0/16       AC:  7    Str:  8    XL:     2   Next: 72%
Magic:  4/4        EV: 12    Int: 13    God:
Gold:   28         SH:  0    Dex: 18    Spells: 1/1 levels left

rFire   . . .        a - +0 shortbow
rCold   + . .        (shield currently unavailable)
rNeg    . . .        c - +0 leather armour
rPois   .            (no helmet)
rElec   .            (no cloak)
rCorr   .            (no gloves)
SInv    .            (no boots)
Will    .....        (no amulet)
Stlth   ++           e - ring of protection from cold
HPRegen 0.22/turn    l - +4 ring of protection
MPRegen 0.09/turn

%: no passive effects
@: lethally poisoned (0 -> -2)
A: no striking features
a: no special abilities


You were on level 1 of the Dungeon.
You visited 1 branch of the dungeon, and saw 1 of its levels.

You collected 28 gold pieces.


   Skills:
 - Level 1.5 Fighting
 + Level 6.4 Ranged Weapons
 - Level 2.4 Dodging
 - Level 1.2 Stealth


You had one spell level left.
You didn't know any spells.
Your spell library was empty.

Inventory:

Hand Weapons
 a - a +0 shortbow (weapon)
Armour
 c - a +0 leather armour (worn)
Jewellery
 e - a ring of protection from cold (left hand)
 l - a +4 ring of protection (right hand)
Potions
 m - a potion of haste

Dungeon Overview and Level Annotations

Branches:
Dungeon (1/15)

Altars:


Message History

642 ||| READING scroll labelled ANUUHO QOSYCW.
The air fills with toxic fumes!
As you read the scroll labelled ANUUHO QOSYCW, it crumbles to dust.
It was a scroll of poison.
Done exploring.
643 ||| DROPPING scroll of butterflies.
You drop a scroll of butterflies.
Done exploring.
644 ||| DROPPING potion of berserk rage.
You drop a potion of berserk rage.
Done exploring.
What level of the Dungeon? (default 1, ? - help) Sorry, I don't know how to get there.
Enter note:
Enter note:
Enter note:
Enter note:
Enter note:
Enter note:
Enter note:
Enter note:
Enter note:
Enter note:
Enter note:
Enter note: You are engulfed in poison gas.
You are poisoned.
Ouch! That really hurt!
You feel sick.
646 ||| Stepping ~*~*~tactically~*~*~ (cloud).
You feel sick.
Things that are here:
a potion of berserk rage; a scroll of butterflies; a ring of magical power
There is a lethal amount of poison in your body!
You feel sick.
There is a lethal amount of poison in your body!
You feel sick.
There is a lethal amount of poison in your body!
You feel sick.
There is a lethal amount of poison in your body!
You die...

.............#
.#######.¤00.###################
.#######.0¤0....0¤.............#
..........¤¤¤...¤#############.#
.#######...¤¤¤.#0####### #.## .#
#..###0##¤####### #... .#
#..###¤¤¤0####### #.## .#
##.####.#¤0############### .#
#..0¤00¤0¤@0¤0¤¤0........# .#
#.)#####################.#
.######..###...##########......##
..........7##.##~.#######........
.######.#~~7#'#7~~#######..######
..# #.P~~~~~~~~~..#####..# #.#
#..~~7#.#7~~#........# #.#
#...7##.##~.###.###.## #.#
#..###.<.#### #.# #.#


There were no monsters in sight!

Vanquished Creatures
  A dart slug (D:1)
  5 ball pythons (D:1)
  3 bats (D:1)
  2 endoplasms (D:1)
  5 goblins (D:1)
  A frilled lizard (D:1)
  A kobold (D:1)
  3 rats (D:1)
21 creatures vanquished.

Notes
Turn   | Place    | Note
-------+----------+-------------------------------------------
     0 | D:1      | qw the Deep Elf Hunter began the quest for the Orb.
     0 | D:1      | Reached XP level 1. HP: 12/12 MP: 3/3
     0 | D:1      | 0 ||| qw: Version: 0.3-a-155-g5e7d8dd
     0 | D:1      | 0 ||| qw: Game counter: 1865
     0 | D:1      | 0 ||| qw: Melee chars always use a shield: true
     0 | D:1      | 0 ||| qw: God list: Okawaru
     0 | D:1      | 0 ||| qw: Allow faded altars: false
     0 | D:1      | 0 ||| qw: Do Orc after clearing Dungeon:15 true
     0 | D:1      | 0 ||| qw: Do second Lair branch before Depths: true
     0 | D:1      | 0 ||| qw: Lair rune preference: random
     0 | D:1      | 0 ||| qw: Goals: Normal
     0 | D:1      | 0 ||| PLANNING D:1-11
   195 | D:1      | Reached XP level 2. HP: 15/16 MP: 4/4
   213 | D:1      | Reached skill level 6 in Ranged Weapons
   634 | D:1      | 634 ||| UPGRADING to ring of protection from cold.
   635 | D:1      | 635 ||| DROPPING ring of magical power.
   636 | D:1      | 636 ||| UPGRADING to +4 ring of protection.
   637 | D:1      | 637 ||| READING scroll labelled ZUQAFI XOPSETI.
   638 | D:1      | 638 ||| READING 2 scrolls labelled ODUILE GOHULIFF.
   638 | D:1      | 638 ||| IDENTIFYING bubbling orange potion
   639 | D:1      | 639 ||| READING scroll of identify.
   639 | D:1      | 639 ||| IDENTIFYING glowing puce potion
   640 | D:1      | 640 ||| READING scroll labelled AHESTR DIESADEO.
   641 | D:1      | 641 ||| READING scroll labelled REUNYK HIROJO.
   642 | D:1      | 642 ||| READING scroll labelled ANUUHO QOSYCW.
   643 | D:1      | 643 ||| DROPPING scroll of butterflies.
   644 | D:1      | 644 ||| DROPPING potion of berserk rage.
   646 | D:1      | 646 ||| Stepping ~*~*~tactically~*~*~ (cloud).
   646 | D:1      | HP: 3/16 [poisoned by you (poison gas)]
   649 | D:1      | HP: 1/16 [poisoned by you (poison gas)]
   650 | D:1      | Succumbed to their own poison gas

Levels and vault maps discovered:
D:1:      sevenhm_arrival_forest_fort_small_4, layout_basic

Skill      XL: |  1  2 |
---------------+-------+-----
Ranged Weapons | 6 |  6.4
Fighting       | |  1.5
Dodging        | |  2.4
Stealth        | |  1.2

Action                     || total
---------------------------++-------
   Fire: Shortbow          ||    44
    Use: Scroll            ||     6
 Armour: Leather armour    ||     4
  Dodge: Dodged            ||     2

Table legend:
 A = Non-vault XP
 B = Vault XP
 C = Vault XP percentage of total XP
 D = Non-vault monster count
 E = Vault monster count
 F = Vault count percentage of total count
                 A         B        C        D         E       F
            +---------+---------+-------+---------+---------+-------
      Total |      33 |       0 |   0.0 |      21 |       0 |   0.0
            +---------+---------+-------+---------+---------+-------
        D:1 |      33 |       0 |   0.0 |      21 |       0 |   0.0
            +---------+---------+-------+---------+---------+-------
